 Dungeon Crawl Stone Soup version 0.20.1-1-g8b1a95d (webtiles) character file.

2860 homeworkjunkie the Cleaver (level 9, 0/78 HPs)
             Began as a Hill Orc Fighter on Nov 13, 2017.
             Was a Believer of Okawaru.
             Slain by a two-headed ogre
             ... wielding a +0 giant club
              (8 damage)
             ... on level 8 of the Dungeon.
             The game lasted 00:15:51 (7324 turns).

homeworkjunkie the Cleaver (Hill Orc Fighter)       Turns: 7324, Time: 00:15:52

Health: 0/78       AC: 20    Str: 21    XL:     9   Next: 75%
Magic:  11/11      EV:  5    Int:  8    God:    Okawaru [**....]
Gold:   317        SH: 10    Dex: 11    Spells: 8/8 levels left

rFire    . . .     SeeInvis .   w - +5 hand axe (freeze)
rCold    . . .     Gourm    .   c - +0 shield
rNeg     . . .     Faith    .   t - +0 plate armour
rPois    .         Spirit   .   i - +0 helmet
rElec    .         Reflect  .   A - +1 cloak
rCorr    .         Harm     .   (no gloves)
MR       ++...                  e - +2 pair of boots
Stlth    ..........             (no amulet)
Regen    0.3/turn               h - ring of protection from magic
MPRegen  0.2/turn               b - ring of protection from magic

@: no status effects
A: no striking features
a: Heroism, Renounce Religion


You were on level 8 of the Dungeon.
You worshipped Okawaru.
Okawaru was pleased with you.
You were not hungry.

You visited 2 branches of the dungeon, and saw 10 of its levels.

You collected 317 gold pieces.

Inventory:

Hand Weapons
 a - a +0 war axe
 w - a +5 hand axe of freezing (weapon)
Armour
 c - a +0 shield (worn)
 e - a +2 pair of boots (worn)
 i - a +0 helmet (worn)
 t - a +0 plate armour (worn)
 A - a +1 cloak (worn)
Jewellery
 b - a ring of protection from magic (right hand)
 h - a ring of protection from magic (left hand)
Wands
 d - a wand of polymorph (11/24)
 v - a wand of acid (0/15)
Scrolls
 l - a scroll of enchant weapon
 y - 2 scrolls of teleportation
Potions
 g - a potion of heal wounds {unknown}
 k - 2 potions of ambrosia {unknown}
 m - 2 potions of lignification
 n - a potion of haste {unknown}
 o - a potion of magic
 p - 4 potions of mutation
 q - 4 potions of flight
 r - a potion of agility {unknown}
 u - a potion of brilliance {unknown}
 z - a potion of invisibility
Comestibles
 f - 9 bread rations
 j - 8 meat rations
 x - 3 royal jellies


   Skills:
 * Level 6.4 Fighting
 * Level 10.3 Axes
 * Level 7.4 Armour
 + Level 1.5 Dodging
 + Level 1.2 Stealth
 * Level 7.1 Shields
 * Level 3.5 Evocations


You had 8 spell levels left.
You didn't know any spells.

Dungeon Overview and Level Annotations

Branches:
Dungeon (9/15)             Temple (1/1) D:5
   Lair: D:8-11         Orc: D:9-12

Altars:
Cheibriados
Dithmenos
Elyvilon
Fedhas
Gozag
Hepliaklqana
Kikubaaqudgha
Makhleb
Nemelex Xobeh
Okawaru
Qazlal
Ru
Sif Muna
Trog
Uskayaw
Vehumet
Xom
Yredelemnul
Zin
The Shining One

Shops:
D:7 :

Annotations:
D:7 Ymberto's ghost, novice HuSk


Message History

You are too injured to fight recklessly!
You are too injured to fight recklessly!
You are too injured to fight recklessly!
You are too injured to fight recklessly!
You are too injured to fight recklessly!
You are too injured to fight recklessly!
You are too injured to fight recklessly!
You are too injured to fight recklessly!
You are too injured to fight recklessly!
You barely miss the two-headed ogre.
The two-headed ogre is moderately wounded.
Your plate armour prevents you from hitting the two-headed ogre.
The two-headed ogre is moderately wounded.
The two-headed ogre hits you with a giant club!!
* * * LOW HITPOINT WARNING * * *
You block the two-headed ogre's attack.
You hit the two-headed ogre. You freeze the two-headed ogre.
The two-headed ogre is heavily wounded.
The two-headed ogre hits you with a giant club!
You die...

#.# #.# ###
#######.# #..@O...#
#.#####.# #.# ###.#
##+# #.# #...# ##...
#.# #.#.## ##....
#.# #.#..## ##.....
#.###.#...####......
#............+......
#####.#...####......


You could see a two-headed ogre.

Vanquished Creatures
  The ghost of Demanufactor the Cleaver, a novice MiBe of Trog (D:8)
  A wyvern (D:7)
  Edmund (D:6)
  Menkaure (D:5)
  Duvessa (D:6)
  4 ice beasts
  4 ogres
  A centaur (D:6)
  Blork the orc (D:4)
  A bullfrog (D:6)
  Dowan (D:6)
  A scorpion (D:6)
  3 wights (D:6)
  A howler monkey (D:3)
  A crimson imp (D:5)
  Crazy Yiuf (D:4)
  A centaur skeleton (D:6)
  2 hounds
  2 orc priests
  2 iguanas (D:5)
  3 worker ants
  2 orc wizards
  A hound zombie (D:6)
  A hound skeleton (D:6)
  Robin (D:2)
  8 adders
  An adder zombie (D:8)
  2 adder skeletons
  5 worms
  7 leopard geckos
  9 orcs
  A ball python (D:2)
  4 giant cockroaches
  17 goblins
  8 hobgoblins
  6 jackals
  5 kobolds
  2 quokkas
  5 bats
  5 frilled lizards
  A leopard gecko zombie (D:5)
  A quokka zombie (D:4)
  7 rats
  A fungus (D:4)
134 creatures vanquished.

Notes
Turn   | Place    | Note
-------+----------+-------------------------------------------
     0 | D:1      | homeworkjunkie the Hill Orc Fighter began the quest for the Orb.
     0 | D:1      | Reached XP level 1. HP: 19/19 MP: 1/1
    49 | D:2      | Found a blossoming altar of Fedhas.
   124 | D:2      | Reached XP level 2. HP: 21/27 MP: 2/2
   134 | D:2      | Reached skill level 3 in Axes
   448 | D:3      | Reached XP level 3. HP: 33/33 MP: 3/3
   678 | D:4      | Reached skill level 4 in Axes
   678 | D:4      | Reached XP level 4. HP: 31/40 MP: 4/4
  1120 | D:3      | Reached XP level 5. HP: 14/46 MP: 5/5
  1528 | D:3      | Found a faded altar of an unknown god.
  1841 | D:3      | Reached skill level 5 in Axes
  1958 | D:2      | Reached XP level 6. HP: 45/52 MP: 6/6
  2366 | D:2      | Noticed Robin
  2389 | D:2      | Killed Robin
  3271 | D:5      | Entered Level 5 of the Dungeon
  3332 | D:4      | Reached skill level 6 in Axes
  3392 | D:4      | Noticed Blork the orc
  3401 | D:4      | Killed Blork the orc
  3435 | D:5      | Noticed an ice beast
  3562 | D:5      | Reached skill level 5 in Shields
  3562 | D:5      | Reached XP level 7. HP: 21/60 MP: 7/7
  3729 | D:5      | Reached skill level 7 in Axes
  3729 | D:5      | Reached skill level 5 in Armour
  3796 | D:5      | Reached skill level 5 in Fighting
  3796 | D:5      | Reached skill level 1 in Evocations
  3797 | D:5      | Noticed Menkaure
  3807 | D:5      | Killed Menkaure
  3807 | D:5      | Reached XP level 8. HP: 25/68 MP: 8/8
  4059 | D:5      | Reached skill level 1 in Dodging
  4088 | D:5      | Found a staircase to the Ecumenical Temple.
  4119 | D:5      | Reached skill level 8 in Axes
  4439 | D:6      | Noticed Duvessa
  4439 | D:6      | Noticed Dowan
  4486 | Temple   | Entered the Ecumenical Temple
  5016 | D:4      | Found a runed door.
  5038 | D:4      | Found an iron altar of Okawaru.
  5038 | D:4      | Found a sparkling altar of Nemelex Xobeh.
  5043 | D:4      | Found a faded altar of an unknown god.
  5046 | D:4      | Became a worshipper of Warmaster Okawaru
  5049 | D:4      | Found a glowing silver altar of Zin.
  5051 | D:4      | Found a faded altar of an unknown god.
  5098 | D:4      | Noticed Crazy Yiuf
  5110 | D:4      | Killed Crazy Yiuf
  5218 | D:6      | Killed Duvessa
  5220 | D:6      | Killed Dowan
  5332 | D:6      | Noticed Edmund
  5351 | D:6      | Killed Edmund
  5351 | D:6      | Reached skill level 9 in Axes
  5525 | D:6      | Reached * piety under Okawaru
  5541 | D:6      | Reached XP level 9. HP: 41/75 MP: 10/10
  6342 | D:7      | Found Eleruc's Book Shop.
  6363 | D:7      | Noticed Ymberto's ghost (novice HuSk)
  6936 | D:8      | Reached ** piety under Okawaru
  7008 | D:8      | Noticed Demanufactor's ghost (novice MiBe)
  7033 | D:8      | Killed Demanufactor's ghost
  7033 | D:8      | Reached skill level 10 in Axes
  7033 | D:8      | Reached skill level 1 in Stealth
  7317 | D:8      | Noticed a two-headed ogre
  7324 | D:8      | Slain by a two-headed ogre

Skill      XL: |  1  2  3  4  5  6  7  8  9 |
---------------+----------------------------+-----
Axes           | 3 4 5 6 7 9 10 | 10.3
Armour         | 4 5 6 7 |  7.4
Shields        | 4 5 6 7 |  7.1
Fighting       | 4 5 6 |  6.4
Evocations     | 1 2 3 |  3.5
Dodging        | 1 |  1.5
Stealth        | 1 |  1.2

Action                   |  1- 3 |  4- 6 |  7- 9 || total
-------------------------+-------+-------+-------++-------
Melee: War axe           |    65 |   220 |       ||   285
       Hand axe          |       |    22 |   287 ||   309
Evoke: Wand              |       |       |     5 ||     5
  Use: Scroll            |       |    10 |     8 ||    18
       Potion            |       |     2 |     5 ||     7
 Stab: Invisible         |       |       |     4 ||     4
  Eat: Fruit             |       |     9 |       ||     9
       Royal jelly       |       |     1 |     2 ||     3
       Meat ration       |       |     1 |       ||     1
       Bread ration      |       |       |     1 ||     1
Armor: Chain mail        |    54 |   116 |       ||   170
       Ring mail         |       |     5 |    35 ||    40
       Plate armour      |       |       |    30 ||    30
Dodge: Dodged            |    16 |    49 |    52 ||   117
Block: Shield            |    42 |   143 |    94 ||   279
